 Dungeon Crawl Stone Soup version 0.24-a0-459-g225fefd530 (webtiles) character file.

Game seed: 10844374248744084823

5 Gargoyl the Skirmisher (level 1, -9/19 HPs)
             Began as a Centaur Abyssal Knight on June 28, 2019.
             Was a Follower of Lugonu.
             Mangled by a spatial maelstrom (16 damage)
             ... on level 2 of the Abyss.
             The game lasted 00:00:59 (321 turns).

Gargoyl the Skirmisher (Centaur Abyssal Knight)      Turns: 321, Time: 00:01:00

Health: -9/19      AC:  4    Str: 14    XL:     1   Next: 66%
Magic:  2/2        EV:  9    Int: 11    God:    Lugonu [*.....]
Gold:   67         SH:  0    Dex:  8    Spells: 0/0 levels left

rFire    . . .     SeeInvis .   a - +1 hand axe
rCold    . . .     Gourm    .   (no shield)
rNeg     . . .     Faith    .   b - +0 leather armour
rPois    .         Spirit   .   (no helmet)
rElec    .         Reflect  .   (no cloak)
rCorr    .         Harm     .   (no gloves)
MR       .....                  (no barding)
Stlth    ..........             (no amulet)
HPRegen  0.06/turn              (no ring)
MPRegen  0.08/turn              (no ring)

@: about to teleport, very quick
A: large, hooves 3, deformed body, speed 2, tough skin 3
a: Depart the Abyss, Renounce Religion


You were on level 2 of the Abyss.
You worshipped Lugonu.
Lugonu was aware of your devotion.
You were not hungry.

You visited 0 branches of the dungeon, and saw 0 of its levels.
You visited the Abyss 1 time.

You collected 67 gold pieces.

Inventory:

Hand Weapons
 a - a +1 hand axe (weapon)
Armour
 b - a +0 leather armour (worn)
 e - a +0 scale mail
Scrolls
 d - a scroll of torment {unknown}
 g - a scroll of identify
Potions
 f - a potion of curing {unknown}
Comestibles
 c - 3 rations


   Skills:
 + Level 3.2 Fighting
 + Level 1.8 Axes
 + Level 1.4 Armour
 + Level 0.6 Dodging
 + Level 2.0 Invocations


You couldn't memorise any spells.
You didn't know any spells.
Your spell library was empty.

Dungeon Overview and Level Annotations

Branches:
Dungeon (0/15)

Altars:


Innate Abilities, Weirdness & Mutations

You have hooves in place of feet.
Armour fits poorly on your strangely shaped body.
You cover ground very quickly.
You have extremely tough skin. (AC +3)


Message History

Found a leather armour.
Found a scale mail.
You see here a scale mail.
e - a scale mail A flying skull comes into view.
The flying skull gives a hideous shriek!
Found a blue potion.
Found a ration.
A spatial maelstrom comes into view.
An orange demon comes into view.
The orange demon screeches!
A spatial vortex comes into view.
A small abomination comes into view.
You see here a blue potion.
f - a blue potion The spatial vortex closely misses you.
The spatial maelstrom hits you!
You feel strangely unstable.
You feel the power of the Abyss delaying your translocation!
The spatial maelstrom hits you. Space warps horribly around you!
Ouch! That really hurt!
You die...

### ..# .. ### ...##..
..# .#.. .
..##...#.##... ...#.
.##..#.#.##...# ....
....#....%##.# .#..#
.###...#v..4.# #. .#
## #.x....@v...##
##z.# ##
.#.......z...#.
.#####..
..##.§..#..####.#.#.#X
#.##..#.#.X#.#...##.#.
# #.#...###.......#.#.
#...#.....##.. .# #..
##...#.....##.####..#
##.....#..§###.# .#.
...##......# ##...#.


You could see a spatial maelstrom, a spatial vortex, an orange demon, a large
abomination, a small abomination and a flying skull.

Vanquished Creatures
  An ufetubus (Abyss:2)
1 creature vanquished.

Vanquished Creatures (others)
  2 starspawn tentacles (Abyss:1)
2 creatures vanquished.

Grand Total: 3 creatures vanquished

Notes
Turn   | Place    | Note
-------+----------+-------------------------------------------
     0 | Abyss:1  | Gargoyl the Centaur Abyssal Knight began the quest for the
                  | Orb.
     0 | Abyss:1  | Reached XP level 1. HP: 19/19 MP: 2/2
   133 | Abyss:1  | Noticed a wretched star
   168 | Abyss:1  | Noticed a large abomination
   170 | Abyss:1  | Noticed a small abomination
   173 | Abyss:1  | Noticed a tentacled starspawn
   176 | Abyss:1  | Noticed a large abomination
   247 | Abyss:2  | Noticed a large abomination
   275 | Abyss:2  | Noticed a sixfirhy
   309 | Abyss:2  | Noticed a flying skull
   317 | Abyss:2  | Noticed a spatial maelstrom
   317 | Abyss:2  | Noticed an orange demon
   320 | Abyss:2  | Noticed a spatial vortex
   320 | Abyss:2  | Noticed a small abomination
   321 | Abyss:2  | Mangled by a spatial maelstrom

Levels and vault maps discovered:
Abyss:2

Action                   || total
-------------------------++-------
Melee: Hand axe          ||     3
  Use: Scroll            ||     5
Armor: Leather armour    ||     1
Dodge: Dodged            ||     5

Table legend:
 A = Non-vault XP
 B = Vault XP
 C = Vault XP percentage of total XP
 D = Non-vault monster count
 E = Vault monster count
 F = Vault count percentage of total count
                 A         B        C        D         E       F
            +---------+---------+-------+---------+---------+-------
      Total |       8 |       0 |   0.0 |       1 |       0 |   0.0
            +---------+---------+-------+---------+---------+-------
    Abyss:2 |       8 |       0 |   0.0 |       1 |       0 |   0.0
            +---------+---------+-------+---------+---------+-------
